 Dungeon Crawl Stone Soup version bcrawl-1.12.2 (webtiles) character file.

Game seed: 12297462648363326717

91 Ebbett the Covert (level 4, 0/31 HPs)
             Began as a Vampire Rogue on July 23, 2019.
             Slain by an orc wizard
             ... wielding a +1 dagger of protection
              (3 damage)
             ... on level 3 of the Dungeon.
             The game lasted 00:06:08 (2140 turns).

Ebbett the Covert (Vampire Rogue)                   Turns: 2140, Time: 00:06:09

Health: 0/31       AC:  4    Str: 14    XL:     4   Next: 34%
Magic:  5/5        EV: 11    Int: 11    God:
Gold:   69         SH:  0    Dex: 15    Spells: 3/3 levels left

rFire    . . .     SeeInvis +   n - +1 dagger (freeze)
rCold    + . .     Gourm    .   (no shield)
rNeg     + + .     Faith    .   c - +0 robe
rPois    ∞         Spirit   .   (no helmet)
rElec    .         Reflect  .   d - +0 cloak
rCorr    .         Harm     .   y - +0 pair of gloves
MR       .....                  (no boots)
Stlth    ++++++....             (no amulet)
HPRegen  0.05/turn              (no ring)
MPRegen  0.09/turn              (no ring)

@: regenerating slowly, slowed, very slow
A: claws 1, fangs 3, see invisible, unbreathing
a: no special abilities


You were on level 3 of the Dungeon.
You were very thirsty.

You visited 1 branch of the dungeon, and saw 3 of its levels.

You collected 69 gold pieces.

Inventory:

Hand Weapons
 a - a +2 dagger
 b - a +0 blowgun
 n - a +1 dagger of freezing (weapon)
Missiles
 e - 80 poisoned needles
 x - a throwing net (quivered) {!f}
Armour
 c - a +0 robe (worn)
 d - a +0 cloak (worn)
 y - a +0 pair of gloves (worn)
Jewellery
 m - an uncursed amulet of faith {unknown}
Wands
 f - a wand of flame (15)
 g - a wand of enslavement (15)
 A - a wand of paralysis (5)
Scrolls
 i - 2 scrolls of teleportation {unknown}
 j - a scroll of enchant armour {unknown}
 k - 3 scrolls of identify {unknown}
 l - 2 scrolls of fear {unknown}
 t - a scroll of remove curse {unknown}
 u - a scroll of noise {unknown}
Potions
 h - 8 potions of blood
 o - a potion of mutation {unknown}
 p - a potion of lignification {unknown}
 q - a potion of experience {unknown}
 r - a potion of brilliance {unknown}
 s - a potion of might {unknown}
 v - 2 potions of curing {unknown}
 w - a potion of degeneration {unknown}
 z - a potion of flight {unknown}


   Skills:
 + Level 0.3 Fighting
 + Level 2.9 Short Blades
 + Level 1.6 Throwing
 + Level 0.7 Dodging
 + Level 8.6 Stealth
 + Level 2.1 Evocations


You had 3 spell levels left.
You didn't know any spells.
Your spell library was empty.

Dungeon Overview and Level Annotations

Branches:
Dungeon (3/12)

Altars:


Innate Abilities, Weirdness & Mutations

You heal slowly.
You are immune to poison.
You have sharp fingernails.
You have razor-sharp teeth.
You have supernaturally acute eyesight. (SInv)
You can survive without breathing.


Message History

The quokka bites you but does no damage.
The adder misses you.
You hit the orc wizard. You freeze the orc wizard.
The orc wizard is moderately wounded.
The orc wizard gestures wildly while chanting.
The orc wizard blinks!
The quokka closely misses you. The adder bites you but does no damage.
The quokka closely misses you. The adder bites you.
* * * LOW HITPOINT WARNING * * *
The orc wizard casts a spell.
The orc wizard blinks!
The adder closely misses you. The quokka barely misses you.
You hit the orc wizard but do no damage.
The orc wizard is moderately wounded.
The adder bites you.
* * * LOW HITPOINT WARNING * * *
The orc wizard hits you but does no damage.
The quokka misses you. The adder bites you but does no damage.
The orc wizard hits you with a +1 dagger of protection.
You die...

....##..........#
.... #..........#
... #..........# ...
#..........#
#......#######
#............#
#............###
.......#....S...#
###.....#..o@§)..#
##.........r.......#
#....#........#....
##...#......### ...
#.. #....... .
#............
#...####.... ....
..####


You could see an orc wizard, an adder and a quokka.

Vanquished Creatures
  Terence (D:2)
  An adder (D:3)
  2 worms (D:2)
  2 dart slugs
  3 leopard geckos
  An orc (D:3)
  A giant cockroach (D:2)
  3 goblins
  7 hobgoblins
  A quokka (D:2)
  5 bats (D:2)
  2 frilled lizards
  8 kobolds
  7 rats
44 creatures vanquished.

Notes
Turn   | Place    | Note
-------+----------+-------------------------------------------
     0 | D:1      | Ebbett the Vampire Rogue began the quest for the Orb.
     0 | D:1      | Reached XP level 1. HP: 13/13 MP: 2/2
   217 | D:1      | Reached skill level 7 in Stealth
   217 | D:1      | Reached XP level 2. HP: 14/19 MP: 3/3
  1366 | D:2      | Reached XP level 3. HP: 24/24 MP: 4/4
  1470 | D:2      | Noticed Terence
  1486 | D:2      | Killed Terence
  1486 | D:2      | Reached skill level 8 in Stealth
  1746 | D:2      | Reached XP level 4. HP: 24/30 MP: 5/5
  2140 | D:3      | Slain by an orc wizard

Skill      XL: |  1  2  3 |
---------------+----------+-----
Stealth        | 7 8 |  8.6
Fighting       | |  0.3
Short Blades   | |  2.9
Throwing       | |  1.6
Dodging        | |  0.7
Evocations     | |  2.1

Action                   |  1- 3 |  4- 6 || total
-------------------------+-------+-------++-------
Melee: Dagger            |    89 |    29 ||   118
       Bite              |     8 |     5 ||    13
 Stab: Sleeping          |    15 |     3 ||    18
  Eat: Corpse            |     2 |       ||     2
Armor: Robe              |    10 |     5 ||    15
Dodge: Dodged            |    46 |    20 ||    66
